 Dungeon Crawl Stone Soup version 0.26-a0-812-g31a745ddcd (webtiles) character file.

Game seed: 8198459236799883973

18 Lanoc the Grave Robber (level 2, 0/19 HPs)
             Began as a Human Necromancer on Nov 24, 2020.
             Slain by a worm (10 damage)
             ... on level 3 of the Dungeon.
             The game lasted 00:01:13 (885 turns).

Lanoc the Grave Robber (Human Necromancer)           Turns: 885, Time: 00:01:13

Health: 0/19       AC:  2    Str:  8    XL:     2   Next: 85%
Magic:  0/5        EV: 13    Int: 15    God:
Gold:   45         SH:  0    Dex: 13    Spells: 3/5 levels left

rFire    . . .     SeeInvis .   (no weapon)
rCold    . . .     Faith    .   (no shield)
rNeg     . . .     Spirit   .   a - +0 robe
rPois    .         Reflect  .   (no helmet)
rElec    .         Harm     .   (no cloak)
rCorr    .         Rampage  .   (no gloves)
MR       .....                  (no boots)
Stlth    ++........             (no amulet)
HPRegen  0.06/turn              (no ring)
MPRegen  0.09/turn              (no ring)

@: no status effects
A: no striking features
a: no special abilities


You were on level 3 of the Dungeon.
You visited 1 branch of the dungeon, and saw 3 of its levels.

You collected 45 gold pieces.

Inventory:

Armour
 a - a +0 robe (worn)
Scrolls
 d - a scroll of amnesia {unknown}
 e - a scroll of enchant weapon {unknown}
 f - a scroll of identify {unknown}
Potions
 b - a potion of might {unknown}
 c - a potion of haste {unknown}
 g - a potion of brilliance {unknown}


   Skills:
 + Level 2.4 Dodging
 - Level 2.0 Stealth
 - Level 2.0 Spellcasting
 * Level 4.5 Necromancy


You had 3 spell levels left.
You knew the following spells:

 Your Spells              Type           Power        Failure   Level
a - Pain                  Necr           ###.         3%          1
b - Animate Skeleton      Necr           ###...       3%          1

Your spell library contained the following spells:

 Spells                   Type           Power        Failure   Level
 Vampiric Draining        Necr           ###.......   11%         3
 Animate Dead             Necr           ###.......   34%         4
 Agony                    Necr           ###.....     67%         5


Dungeon Overview and Level Annotations

Branches:
Dungeon (3/15)

Altars:


Message History

The worm is heavily wounded.
The worm closely misses you.
You hit the worm.
The worm is severely wounded.
The worm closely misses you.
You barely miss the worm.
The worm is heavily wounded.
Casting: Pain (safe; 3% risk of failure)
Confirm with . or Enter, or press ? or * to list all spells.
Aiming: Pain (safe; 3% risk of failure)
Press: ? - help, Shift-Dir - straight line, f/p - worm
Aim: a worm (heavily wounded, chance to defeat MR: 80%)
The worm writhes in agony!
You hit the worm but do no damage.
The worm is almost dead.
You hit the worm.
The worm is almost dead.
The worm bites you!
Ouch! That really hurt!
You die...

.......>......#
#.......
.......!...##....
#.w..... ......#....#
.#.. #.......
####..#....# # .
#....... #. .....#
##.#..## ####.....
#.#.### #.##### #.#.###
#.# ############......
#.# ##@w............###
#.#####.###.###########
######.......# #.#
#......#####.###.#
...####.# ##...## #.#
##### #.# #.# #.#


You could see a worm.

Vanquished Creatures
  A leopard gecko (D:2)
  2 giant cockroaches (D:1)
  2 goblins
  4 hobgoblins
  A bat (D:1)
  A frilled lizard (D:2)
  2 kobolds
  2 rats (D:2)
15 creatures vanquished.

Notes
Turn   | Place    | Note
-------+----------+-------------------------------------------
     0 | D:1      | Lanoc the Human Necromancer began the quest for the Orb.
     0 | D:1      | Reached XP level 1. HP: 13/13 MP: 3/3
    44 | D:1      | Learned a level 1 spell: Animate Skeleton
   202 | D:1      | Reached XP level 2. HP: 16/19 MP: 0/5
   885 | D:3      | Slain by a worm

Illustrated notes

Levels and vault maps discovered:
D:1:      elethiomel_arrival_quiet, layout_basic, serial_bayou,
          serial_bayou_shore_a, serial_bayou_shore_b, serial_bayou_pond_a,
          serial_bayou_shore_b
D:2:      layout_rooms, overflow_temple_1_default, kennysheep_slug_shrine,
          minmay_ruptured, uniq_crazy_yiuf_cottage, uniq_terence
D:3:      layout_loops_cross

Action                   || total
-------------------------++-------
Melee: Unarmed           ||     9
 Cast: Pain              ||    40
Armor: Robe              ||     2
Dodge: Dodged            ||     8

Table legend: (Time is in decaauts)
 A = Elapsed time spent in this place.
 B = Non-inter-level travel time spent in this place.
 C = Inter-level travel time spent in this place.
 D = Time resting spent in this place.
 E = Time spent auto-exploring this place.
 F = Levels seen in this place.
 G = Mean time per level.
                   A        B        C        D        E       F      G
               +--------+--------+--------+--------+--------+-----+--------+
         Total |    885 |    859 |     26 |     87 |    630 |   3 |  295.0 |
       Dungeon |    885 |    859 |     26 |     87 |    630 |   3 |  295.0 |
               +--------+--------+--------+--------+--------+-----+--------+

Top non-repeatable levels by time:
     D:1: 379 daAuts
     D:2: 344 daAuts
     D:3: 161 daAuts
